Map: Habitation Station LE (Void)

Players

Bly

  • Race: Zerg Zerg
  • League: Grandmaster
  • Spawn Location: 1:00

Neeblet (Neeb) - Winner!

  • Race: Protoss Protoss
  • Spawn Location: 11:00

Event: NationWars IV

VOD

https://www.youtube.com/watch?v=RL4ncs3crdo&t=25s

Description

Time

  • Played on: Dec. 23, 2016, 3:27 p.m.
  • Length: 19:10

All games in this series

Show
View Real Time Build Order
Export as new Build Order

Bly Zerg 

Build Orders: Hatch First, Lurkers 

Get SALT Encoding   

  12  0:01  Drone  
  13  0:12  Overlord  
  13  0:18  Drone  
  14  0:32  Drone x2  
  16  0:50  Drone  
  18  1:03  Hatchery  
  16  1:19  Drone  
  16  1:24  Spawning Pool  
  16  1:29  Drone  
  17  1:37  Drone  
  18  1:43  Extractor  
  16  1:52  Drone  
  16  1:53  Drone  
  18  1:55  Drone  
  19  2:11  Queen  
  19  2:14  Zergling x2, Queen  
  24  2:16  Zergling x4  
  26  2:27  Drone  
  26  2:28  Overlord  
  27  2:40  Hatchery  
  26  2:48  Drone x3  
  29  2:52  Metabolic Boost  
  29  2:56  Drone  
  29  3:02  Drone x2  
  29  3:16  Drone x2  
  29  3:19  Overlord  
  30  3:21  Drone  
  30  3:26  Drone  
  30  3:27  Drone x2  
  34  3:33  Overlord  
  33  3:37  Evolution Chamber  
  32  3:43  Zergling x6  
  35  3:48  Zergling x2  
  36  3:58  Roach Warren  
  36  3:59  Queen  
  37  4:07  Spore Crawler  
  37  4:09  Spore Crawler  
  35  4:12  Drone x2  
  35  4:15  Drone  
  39  4:18  Zerg Melee Weapons Level 1  
  39  4:24  Drone x4  
  39  4:28  Drone  
  44  4:35  Spore Crawler  
  42  4:40  Extractor  
  42  4:45  Drone x4  
  45  4:49  Drone x4  
  49  5:03  Drone x4  
  50  5:10  Drone x5  
  55  5:14  Overlord  
  55  5:16  Overlord  
  55  5:17  Extractor  
  55  5:19  Extractor  
  53  5:21  Zergling x6  
  53  5:22  Zergling x2  
  53  5:25  Drone  
  58  5:32  Overlord  
  56  5:38  Lair  
  56  5:39  Overlord  
  55  5:45  Overlord  
  55  5:49  Drone x4  
  58  5:54  Overlord  
  58  5:59  Drone x2  
  58  6:00  Drone x3  
  62  6:04  Overlord  
  62  6:14  Zergling x16  
  62  6:15  Zergling x4, Roach Warren  
  71  6:22  Overlord  
  70  6:29  Extractor  
  69  6:33  Baneling Nest  
  69  6:35  Drone  
  69  6:37  Drone x4  
  69  6:38  Drone x2  
  75  6:42  Drone x3  
  75  6:45  Hydralisk Den  
  77  6:52  Queen  
  77  7:01  Drone x2  
  75  7:10  Extractor x2  
  73  7:17  Zerg Melee Weapons Level 2  
  73  7:18  Drone x3  
  73  7:19  Muscular Augments  
  73  7:20  Hydralisk x7  
  89  7:26  Hatchery  
  89  7:27  Drone x2  
  89  7:32  Hydralisk  
  89  7:35  Overlord  
  89  7:36  Overlord x3  
  92  7:38  Extractor  
  92  7:42  Centrifical Hooks  
  91  7:45  Overlord  
  91  7:50  Overseer  
  91  7:58  Hydralisk x3  
  91  8:01  Overlord, Hatchery  
  95  8:07  Overlord  
  95  8:09  Drone x5  
  100  8:22  Baneling x4  
  100  8:25  Hydralisk x6  
  107  8:37  Drone x7  
  107  8:38  Lurker Den  
  113  8:45  Drone  
  110  9:07  Drone x11  
  121  9:13  Hatchery  
  120  9:17  Infestation Pit  
  120  9:21  Zergling x12  
  125  9:24  Hatchery  
  125  9:25  Baneling x11  
  124  9:32  Spore Crawler  
  124  9:34  Extractor  
  124  9:35  Extractor  
  124  9:37  Hydralisk  
  124  9:38  Hydralisk x4  
  123  9:40  Zerg Missile Weapons Level 1  
  127  9:52  Zergling x22  
  138  9:54  Hive  
  138  9:59  Spire  
  137  10:13  Zergling x12  
  137  10:14  Zergling x10  
  138  10:15  Lurker  
  138  10:16  Lurker  
  138  10:21  Baneling x6  
  140  10:22  Baneling  
  140  10:23  Baneling x7  
  140  10:26  Zergling x2  
  140  10:27  Zergling x16  
  123  10:54  Zergling x2  
  123  10:55  Zergling x6  
  123  10:56  Zergling x28  
  137  11:02  Lurker x2  
  137  11:03  Lurker x4  
  139  11:10  Zergling x16  
  147  11:14  Greater Spire  
  144  11:22  Baneling x3  
  132  11:47  Zergling x6  
  132  11:54  Corruptor x4  
  127  11:55  Zergling x2  
  127  11:56  Zergling x26  
  127  12:00  Extractor  
  127  12:01  Extractor  
  145  12:04  Overlord  
  143  12:15  Baneling x7  
  134  12:18  Zergling x6  
  134  12:19  Zergling x14  
  144  12:32  Brood Lord  
  144  12:33  Zergling x10, Brood Lord  
  151  12:41  Hatchery  
  151  12:42  Zergling x2  
  151  12:43  Zergling x8  
  150  12:45  Brood Lord  
  145  13:06  Brood Lord  
  145  13:08  Corruptor x2, Overlord  
  145  13:09  Corruptor  
  153  13:15  Zergling x24  
  162  13:33  Corruptor x3  
  162  13:43  Drone x3  
  162  13:44  Drone x4  
  159  13:56  Corruptor  
  156  14:06  Brood Lord  
  156  14:07  Hatchery  
  146  14:18  Viper x2  
  146  14:20  Viper  
  155  14:28  Extractor  
  150  14:32  Zergling x6  
  150  14:33  Zergling x16  
  155  14:46  Brood Lord x2  
  155  14:48  Zergling x8  
  155  14:49  Zergling x2  
  158  14:57  Drone  
  158  14:58  Drone  
  149  15:22  Zergling x12, Zerg Melee Weapons Level 3  
  149  15:24  Adrenal Glands  
  149  15:25  Zerg Flyer Weapons Level 1  
  149  15:27  Drone x2  
  149  15:28  Drone x4  
  161  15:34  Zergling x12  
  161  15:44  Spore Crawler, Baneling  
  161  15:45  Drone  
  161  15:49  Extractor  
  144  16:17  Zergling x30  
  142  16:37  Zergling x2  
  142  16:38  Zergling x16  
  141  16:59  Infestor x2, Hatchery  
  141  17:00  Infestor x4  
  150  17:27  Hatchery  
  142  17:35  Corruptor  
  142  17:36  Corruptor x7  
  151  17:59  Viper x3  
  151  18:00  Corruptor  
Show
View Real Time Build Order
Export as new Build Order

Neeblet Protoss - Winner!

Build Orders: Oracle Opening 

Get SALT Encoding   

  12  0:00  Probe (Chrono Boost)  
  13  0:11  Probe (Chrono Boost)  
  14  0:18  Pylon  
  14  0:22  Probe (Chrono Boost)  
  15  0:36  Probe (Chrono Boost)  
  15  0:39  Gateway  
  16  0:47  Probe (Chrono Boost)  
  17  0:52  Pylon  
  17  0:56  Assimilator  
  17  0:58  Probe (Chrono Boost)  
  18  1:08  Probe (Chrono Boost)  
  19  1:19  Probe (Chrono Boost)  
  20  1:32  Cybernetics Core, Probe (Chrono Boost)  
  21  1:36  Pylon  
  21  1:47  Nexus  
  21  1:50  Probe (Chrono Boost)  
  22  1:59  Assimilator  
  23  2:01  Probe (Chrono Boost)  
  23  2:05  Adept  
  23  2:11  Warp Gate  
  23  2:13  Probe (Chrono Boost)  
  26  2:19  Pylon  
  26  2:25  Probe (Chrono Boost)  
  27  2:36  Probe (Chrono Boost)  
  30  2:39  Stalker  
  30  2:47  Probe (Chrono Boost)  
  31  2:52  Stargate  
  31  2:59  Probe x2 (Chrono Boost)  
  33  3:09  Adept, Probe (Chrono Boost)  
  33  3:10  Probe (Chrono Boost)  
  38  3:20  Probe (Chrono Boost)  
  38  3:21  Probe (Chrono Boost)  
  39  3:31  Probe (Chrono Boost)  
  39  3:32  Probe (Chrono Boost), Oracle  
  39  3:36  Adept  
  44  3:42  Probe (Chrono Boost)  
  44  3:43  Probe (Chrono Boost), Gateway  
  44  3:47  Gateway  
  46  3:52  Pylon  
  46  3:58  Pylon  
  46  3:59  Assimilator  
  46  4:05  Oracle  
  46  4:10  Probe (Chrono Boost)  
  46  4:12  Probe (Chrono Boost)  
  51  4:17  Pylon  
  51  4:18  Adept  
  51  4:21  Probe (Chrono Boost)  
  55  4:24  Probe (Chrono Boost)  
  55  4:31  Probe (Chrono Boost)  
  55  4:36  Probe (Chrono Boost)  
  55  4:37  Void Ray  
  57  4:42  Probe (Chrono Boost)  
  57  4:44  Nexus  
  62  4:48  Pylon  
  62  4:52  Assimilator  
  64  4:53  Probe (Chrono Boost)  
  64  4:57  Mothership Core (Chrono Boost)  
  65  5:03  Probe (Chrono Boost)  
  66  5:08  Zealot, Sentry x2  
  66  5:12  Forge  
  66  5:14  Probe (Chrono Boost)  
  73  5:17  Probe (Chrono Boost)  
  74  5:22  Robotics Facility  
  74  5:24  Probe (Chrono Boost)  
  71  5:29  Probe (Chrono Boost)  
  71  5:35  Probe (Chrono Boost)  
  71  5:41  Probe (Chrono Boost)  
  72  5:45  Probe (Chrono Boost)  
  72  5:49  Protoss Ground Weapons Level 1  
  72  5:53  Probe (Chrono Boost), Twilight Council  
  72  5:56  Probe (Chrono Boost)  
  74  5:57  Pylon  
  74  5:58  Sentry  
  74  5:59  Zealot x2  
  81  6:05  Immortal, Probe (Chrono Boost)  
  81  6:06  Probe (Chrono Boost)  
  87  6:13  Probe (Chrono Boost)  
  87  6:17  Probe x2 (Chrono Boost)  
  89  6:25  Probe (Chrono Boost)  
  87  6:27  Probe (Chrono Boost)  
  87  6:29  Probe (Chrono Boost)  
  87  6:31  Assimilator  
  89  6:33  Assimilator  
  89  6:35  Templar Archives  
  89  6:37  Probe (Chrono Boost), Pylon  
  89  6:38  Probe (Chrono Boost)  
  91  6:41  Charge  
  91  6:44  Probe (Chrono Boost)  
  91  6:47  Observer  
  92  6:51  Probe (Chrono Boost)  
  92  6:54  Probe (Chrono Boost)  
  95  6:56  Probe (Chrono Boost)  
  97  7:01  Probe (Chrono Boost)  
  97  7:06  Probe (Chrono Boost)  
  97  7:07  Warp Prism  
  99  7:08  Probe (Chrono Boost)  
  99  7:10  Gateway  
  99  7:12  Probe (Chrono Boost), Gateway  
  99  7:13  Pylon  
  99  7:15  Robotics Facility  
  102  7:18  Probe (Chrono Boost)  
  102  7:21  Probe (Chrono Boost)  
  102  7:22  Probe (Chrono Boost)  
  105  7:23  Psionic Storm  
  106  7:30  Probe (Chrono Boost)  
  106  7:31  Protoss Ground Weapons Level 2  
  106  7:34  High Templar x2  
  106  7:35  Probe x2 (Chrono Boost)  
  112  7:46  Gateway  
  112  7:47  Gateway x2  
  112  7:48  Pylon  
  112  7:52  Zealot  
  114  7:58  Pylon  
  114  8:00  Immortal  
  114  8:04  Pylon  
  116  8:06  Pylon  
  116  8:08  Immortal  
  120  8:18  High Templar x2  
  124  8:21  Nexus  
  124  8:23  Pylon  
  124  8:34  Immortal  
  124  8:40  Zealot, High Templar x2  
  134  8:48  Pylon  
  134  8:49  Photon Cannon  
  130  8:57  Oracle  
  130  9:02  Immortal  
  135  9:05  Probe x3 (Chrono Boost)  
  135  9:07  Zealot x3, Assimilator  
  135  9:08  Immortal, High Templar  
  146  9:12  Assimilator  
  153  9:17  Probe x3 (Chrono Boost), Zealot x3, High Templar  
  161  9:25  Pylon  
  161  9:28  Pylon  
  161  9:29  Probe (Chrono Boost)  
  162  9:33  Zealot x3  
  168  9:40  Photon Cannon  
  168  9:46  Immortal  
  168  9:51  Immortal  
  176  9:58  Protoss Ground Weapons Level 3, High Templar x4  
  176  9:59  Zealot x2  
  188  10:06  Archon  
  188  10:08  Archon  
  170  10:20  Immortal  
  174  10:30  Immortal  
  178  10:40  Zealot x3  
  176  10:54  Immortal  
  176  11:02  Zealot x8  
  196  11:10  Stargate, Fleet Beacon  
  196  11:11  Pylon  
  196  11:13  Stargate  
  194  11:22  Immortal  
  194  11:30  Zealot x4  
  200  11:41  Immortal  
  190  11:55  Tempest  
  196  12:06  Tempest  
  196  12:12  Photon Cannon x2  
  196  12:13  Photon Cannon, Tempest  
  196  12:14  Photon Cannon x2  
  188  12:15  Photon Cannon  
  188  12:18  Photon Cannon  
  188  12:19  High Templar x2  
  188  12:20  Photon Cannon, Nexus  
  188  12:21  Photon Cannon x2  
  198  12:31  Protoss Air Weapons Level 1  
  198  12:43  Photon Cannon  
  196  12:44  Photon Cannon  
  196  12:49  Tempest  
  198  13:16  Pylon  
  198  13:17  Pylon  
  198  13:33  Zealot  
  200  13:38  Tempest  
  190  13:50  Zealot x3  
  190  13:51  Zealot x3  
  200  13:56  Protoss Shields Level 1  
  199  14:06  Probe (Chrono Boost)  
  198  14:22  Nexus  
  198  14:27  Pylon  
  198  14:47  Stargate  
  198  14:50  Stargate, Assimilator  
  198  14:51  Protoss Air Weapons Level 2  
  198  14:52  Pylon, Assimilator  
  198  14:54  Photon Cannon  
  198  14:57  Photon Cannon  
  190  15:04  Tempest x2  
  190  15:05  Void Ray  
  198  15:16  Dark Shrine  
  198  15:25  Pylon  
  198  15:29  Zealot, Pylon  
  199  15:42  Photon Cannon  
  199  15:44  Photon Cannon  
  199  15:51  Photon Cannon  
  196  16:20  Protoss Shields Level 2  
  193  16:31  Photon Cannon  
  193  16:33  Nexus, Dark Templar x2, Pylon  
  193  16:34  Photon Cannon x2  
  193  16:35  Photon Cannon x2  
  193  16:36  Photon Cannon x2  
  193  16:37  Photon Cannon  
  193  16:38  Photon Cannon  
  193  16:39  Photon Cannon  
  197  16:40  Photon Cannon x2  
  197  16:41  Photon Cannon, Void Ray  
  195  16:52  Photon Cannon  
  195  16:54  Photon Cannon  
  187  16:57  Photon Cannon  
  187  16:59  Photon Cannon  
  187  17:01  Photon Cannon  
  187  17:05  Photon Cannon  
  187  17:06  Photon Cannon  
  185  17:08  Photon Cannon  
  185  17:13  Photon Cannon  
  183  17:16  Pylon  
  183  17:20  Pylon  
  189  17:30  Void Ray x2  
  197  17:58  Assimilator  
  195  18:25  Void Ray x2  
  197  18:55  Archon  
Tags
 
Add a new tag
Caveats
  • Supply blocks, unpowered buildings, or Contaminate may cause inaccurate times.
  • Supply counts are checked every 10 seconds.